Map: Site Delta LE

Players

SubN

  • Race: Zerg Zerg
  • League: Diamond
  • Spawn Location: 11:00

joon - Winner!

  • Race: Terran Terran
  • League: Platinum
  • Spawn Location: 5:00

VOD

Have the link to the VOD?

Description

Time

  • Played on: Nov. 22, 2023, 2:30 p.m.
  • Length: 18:26
Show
View Real Time Build Order
Export as new Build Order

SubN Zerg 

Build Orders: Hatch First 

Get SALT Encoding   

  12  0:00  Drone  
  13  0:12  Overlord  
  13  0:17  Drone  
  14  0:30  Drone x2  
  16  0:50  Hatchery  
  15  0:57  Drone x2  
  15  0:58  Drone  
  15  1:02  Extractor  
  17  1:15  Spawning Pool  
  17  1:18  Drone  
  17  1:21  Drone  
  18  1:29  Drone  
  19  1:40  Drone  
  20  1:51  Overlord  
  20  2:02  Queen x2  
  20  2:04  Zergling x4  
  26  2:10  Metabolic Boost  
  26  2:15  Drone  
  27  2:23  Drone  
  28  2:38  Queen  
  30  2:51  Extractor  
  29  2:58  Drone x2  
  29  2:59  Drone x4  
  29  3:05  Hatchery  
  33  3:13  Drone x2  
  35  3:29  Overlord  
  35  3:31  Overlord  
  35  3:33  Overlord  
  35  3:47  Queen x2  
  39  3:50  Zergling x8  
  43  4:18  Queen  
  43  4:21  Drone x7  
  52  4:28  Lair  
  53  4:31  Drone x2  
  53  4:32  Baneling Nest  
  53  4:35  Drone  
  54  4:44  Drone x3  
  57  4:49  Drone  
  58  4:57  Overlord  
  58  4:59  Overlord  
  58  5:00  Overlord  
  58  5:17  Drone x8  
  66  5:34  Extractor  
  65  5:35  Drone, Extractor  
  65  5:36  Drone x5  
  70  5:50  Drone x3  
  70  5:51  Drone  
  70  5:52  Overlord x3  
  70  5:55  Centrifugal Hooks  
  74  6:16  Zergling x2  
  74  6:17  Zergling x22  
  85  6:26  Baneling x5  
  85  6:27  Baneling  
  84  6:47  Extractor  
  83  7:03  Infestation Pit  
  83  7:04  Hydralisk Den  
  83  7:06  Hatchery  
  83  7:07  Drone x10  
  90  7:18  Overlord x2  
  90  7:19  Overlord  
  78  7:30  Zergling x2  
  78  7:31  Zergling x16  
  78  7:32  Zergling x6  
  88  7:44  Zergling x8  
  88  7:45  Zergling x6  
  93  8:06  Baneling  
  93  8:07  Baneling x7  
  88  8:27  Spore Crawler  
  88  8:28  Spore Crawler  
  88  8:29  Spore Crawler  
  88  8:30  Spore Crawler  
  88  8:31  Grooved Spines  
  88  8:32  Spore Crawler x2  
  79  8:44  Hatchery  
  78  9:06  Hydralisk, Zergling x2  
  78  9:07  Hydralisk x9  
  98  9:16  Spore Crawler  
  97  9:18  Queen, Spore Crawler  
  97  9:21  Muscular Augments  
  98  9:24  Overlord x4  
  98  9:25  Overlord  
  98  9:39  Evolution Chamber  
  98  9:41  Evolution Chamber  
  96  9:47  Drone x9  
  96  9:48  Drone  
  96  9:51  Extractor  
  96  9:52  Extractor  
  104  9:53  Baneling x7, Queen  
  104  9:54  Baneling x9  
  104  9:59  Queen  
  108  10:00  Hatchery  
  107  10:07  Overseer  
  107  10:08  Overseer  
  107  10:11  Zergling x6  
  107  10:12  Zergling x8  
  114  10:22  Drone  
  114  10:23  Drone x3  
  114  10:24  Drone x3  
  121  10:32  Drone x6  
  121  10:33  Queen  
  129  10:51  Zerg Melee Weapons Level 1  
  129  10:53  Zerg Missile Weapons Level 1  
  129  10:57  Hydralisk  
  129  10:58  Hydralisk x2  
  129  11:00  Overlord x6  
  129  11:01  Overlord  
  127  11:32  Drone  
  128  11:35  Hatchery  
  127  11:47  Overlord  
  127  11:48  Overlord  
  127  11:49  Zergling x2  
  127  11:50  Zergling x32  
  144  12:00  Hive  
  144  12:05  Baneling  
  144  12:06  Baneling x4  
  144  12:14  Drone  
  145  12:16  Baneling  
  145  12:17  Baneling x28  
  145  12:18  Zergling x2, Baneling x5  
  145  12:19  Zergling x22  
  145  12:22  Hydralisk  
  159  12:33  Hydralisk x10  
  159  12:34  Hydralisk  
  181  12:46  Extractor  
  181  12:49  Hatchery  
  181  12:51  Drone, Extractor x2  
  178  12:52  Drone  
  178  12:53  Extractor  
  178  13:12  Zerg Melee Weapons Level 2, Zerg Missile Weapons Level 2  
  178  13:21  Zergling x2  
  178  13:22  Zergling x40  
  185  14:08  Viper x5  
  172  15:28  Zerg Ground Armor Level 1  
  165  15:39  Hydralisk x4  
  165  15:41  Zergling x4  
  165  15:42  Zergling x50  
  198  15:53  Hatchery  
  192  16:20  Pneumatized Carapace  
  135  16:51  Hydralisk x2  
  135  16:52  Hydralisk x8  
  151  16:54  Zergling x10  
  151  16:55  Zergling x40  
  149  17:10  Zergling x2  
  149  17:11  Zergling x28  
  164  17:16  Overseer  
  164  17:18  Overseer x2  
  164  17:24  Baneling x8  
  164  17:25  Baneling x29  
  164  17:26  Zergling x12  
  170  17:32  Queen  
  170  17:36  Drone x2  
  174  17:38  Drone x3  
  174  17:40  Drone x3  
  180  18:00  Zergling x6, Hatchery  
  180  18:01  Zergling x16  
Show
View Real Time Build Order
Export as new Build Order

joon Terran - Winner!

Build Orders: Reaper Expand 

Get SALT Encoding   

  12  0:00  SCV  
  13  0:12  SCV  
  14  0:18  Supply Depot  
  14  0:24  SCV  
  15  0:40  SCV  
  15  0:41  Barracks  
  16  0:51  Refinery  
  16  0:52  SCV  
  17  1:04  SCV  
  18  1:22  SCV  
  18  1:23  Barracks  
  19  1:31  Supply Depot  
  19  1:34  Reaper  
  19  1:36  Orbital Command  
  20  2:02  SCV  
  20  2:05  Command Center  
  21  2:10  Reaper  
  21  2:11  Reaper  
  23  2:18  SCV  
  23  2:21  Refinery  
  24  2:39  SCV  
  24  2:43  Marine  
  26  2:44  Barracks Reactor  
  26  2:56  SCV  
  27  3:03  Factory  
  26  3:25  Marine x2  
  26  3:26  Orbital Command  
  28  3:27  SCV  
  28  3:34  Command Center  
  29  3:41  SCV  
  29  3:44  Marine x2  
  29  3:47  Barracks Tech Lab  
  32  3:52  SCV  
  32  3:53  SCV  
  34  3:58  Factory Reactor  
  34  3:59  Factory Reactor  
  34  4:04  Starport, SCV  
  34  4:06  SCV  
  36  4:16  SCV  
  36  4:19  Stimpack, Marine  
  36  4:20  Marine x2  
  38  4:34  Supply Depot  
  38  4:37  Marine  
  38  4:38  SCV x2  
  41  4:40  Refinery  
  41  4:41  Refinery  
  41  4:44  Factory Reactor  
  41  4:50  SCV x2  
  41  4:51  Orbital Command  
  43  4:53  Barracks  
  43  4:56  Barracks  
  43  4:58  Barracks  
  43  5:05  Medivac x2  
  47  5:19  Orbital Command  
  47  5:26  Engineering Bay  
  47  5:27  Marine x3, Engineering Bay  
  50  5:30  Widow Mine  
  52  5:39  Supply Depot  
  52  5:44  Medivac  
  52  5:45  Marine  
  55  5:50  SCV x2  
  55  5:51  SCV  
  58  6:02  Barracks Tech Lab, SCV, Barracks Reactor  
  58  6:03  Barracks Reactor, SCV x2  
  61  6:09  Supply Depot  
  61  6:18  Marine  
  61  6:19  Marine x2  
  61  6:20  Widow Mine x2, Medivac  
  61  6:21  Marine  
  61  6:24  Combat Shield  
  71  6:34  SCV x3  
  71  6:36  Marine x2  
  71  6:37  Marine  
  71  6:39  Marine  
  78  6:46  SCV x3  
  80  6:50  Marine x3, Widow Mine  
  80  6:54  Refinery  
  85  6:56  Refinery  
  85  7:02  Supply Depot  
  85  7:05  Terran Infantry Armor Level 1, Terran Infantry Weapons Level 1  
  85  7:06  Marine  
  85  7:07  Widow Mine, SCV, Medivac x2  
  93  7:11  Missile Turret  
  93  7:14  Missile Turret  
  93  7:18  Missile Turret  
  93  7:24  Marine x5, SCV x3  
  83  8:15  Marauder, Marine x3  
  83  8:16  Marine x4  
  83  8:17  Widow Mine x2, Medivac x2  
  100  8:22  Barracks x2, Factory  
  100  8:24  Supply Depot  
  100  8:26  Barracks  
  100  8:27  Starport, Armory  
  100  8:33  Marine  
  101  8:36  SCV x2  
  101  8:37  Marauder, Marine, SCV  
  93  8:49  Marauder, Supply Depot, Marine x4, SCV x3  
  93  8:51  Marine  
  93  8:54  Marine  
  104  8:58  Marine  
  104  9:01  SCV x3  
  104  9:13  SCV  
  105  9:17  Barracks Tech Lab x2  
  105  9:20  Barracks Reactor  
  105  9:22  Factory Tech Lab  
  105  9:23  Starport Reactor, Barracks Reactor  
  104  9:36  Supply Depot  
  104  9:39  Widow Mine  
  104  9:40  Sensor Tower, Liberator x2, Widow Mine  
  114  9:49  SCV x3  
  117  9:58  Supply Depot  
  117  10:01  Siege Tank, SCV x3, Widow Mine  
  117  10:06  Supply Depot  
  125  10:10  Supply Depot  
  125  10:11  Supply Depot  
  125  10:12  Terran Infantry Armor Level 2, Terran Infantry Weapons Level 2, Supply Depot  
  125  10:15  Terran Vehicle Weapons Level 1  
  125  10:20  SCV  
  125  10:21  Supply Depot  
  126  10:22  Liberator  
  126  10:27  Missile Turret  
  129  10:33  Siege Tank  
  132  10:40  Marauder x2  
  136  10:51  Liberator, Widow Mine x2  
  136  10:52  Marine, Liberator, Medivac  
  136  10:53  Marine x7  
  136  10:54  Marine x3  
  159  11:00  Supply Depot x2  
  156  11:05  Thor, Medivac  
  152  11:22  Liberator  
  149  11:29  Marauder  
  149  11:31  Ghost Academy  
  149  11:32  Widow Mine x2  
  155  11:33  Marauder x2, Marine x5  
  155  11:34  Medivac  
  155  11:35  Liberator, Medivac  
  159  11:48  Siege Tank  
  159  11:50  Marauder  
  164  12:00  Command Center  
  164  12:04  Supply Depot x2, Liberator, Medivac  
  164  12:08  Widow Mine x2  
  173  12:20  Siege Tank  
  176  12:23  Liberator, Medivac  
  176  12:24  Marauder x3, Marine x2  
  176  12:25  Marine  
  176  12:26  SCV  
  176  12:29  Widow Mine  
  193  12:34  Liberator  
  196  12:46  Marauder x2  
  196  12:51  Sensor Tower  
  200  13:04  Refinery  
  200  13:06  Missile Turret  
  200  13:07  Refinery, Missile Turret  
  168  15:04  Marauder x2, Thor  
  168  15:05  Widow Mine x2  
  168  15:06  Liberator x2, Medivac x2  
  192  15:09  Factory  
  192  15:12  Terran Infantry Armor Level 3, Terran Vehicle Weapons Level 2, Terran Infantry Weapons Level 3  
  192  15:14  SCV  
  192  15:15  SCV x3  
  196  15:27  SCV x2  
  200  15:32  Unknown  
  198  15:36  Medivac  
  200  15:47  Thor  
  185  15:53  Unknown  
  181  16:03  Factory Tech Lab  
  170  16:10  Planetary Fortress  
  170  16:13  SCV  
  170  16:14  SCV x2  
  173  16:19  Liberator x2, Medivac  
  173  16:20  Medivac  
  173  16:22  Marine x7  
  173  16:23  Marine  
  173  16:24  Hellbat  
  196  16:26  SCV x3  
  196  16:30  Thor  
  174  16:38  SCV x2  
  140  16:49  Unknown x3, Liberator  
  140  16:50  Medivac  
  128  17:02  Marine x5  
  133  17:13  Thor  
  139  17:16  Refinery  
  139  17:18  Marauder, Unknown x3  
  139  17:21  Thor  
  151  17:23  Liberator  
  151  17:24  Marine  
  151  17:26  Hellbat x2  
  151  17:27  Marine  
  151  17:28  Marine x8  
  168  17:39  Marauder  
  168  17:42  Marine  
  171  17:44  Orbital Command  
  171  17:45  Marine x2  
  171  17:46  Unknown x2, Marine x2  
  171  17:47  Marauder  
  171  17:48  Hellbat  
  187  17:59  Refinery  
  187  18:01  Marauder  
  187  18:03  Command Center  
  195  18:05  Command Center  
  195  18:07  Starport  
  195  18:09  Command Center  
  195  18:11  Fusion Core  
  195  18:15  Unknown  
Tags
 
Add a new tag
Caveats
  • Supply blocks, unpowered buildings, or Contaminate may cause inaccurate times.
  • Supply counts are checked every 10 seconds.